 Dungeon Crawl Stone Soup version 0.25.1-2-g60ff931df9 (webtiles) character file.

Game seed: 11422518397957864915

2729 gruber the Blocker (level 9, -1/74 HPs)
             Began as a Deep Dwarf Fighter on Aug 20, 2020.
             Killed by divine providence
             ... invoked by an orc priest
              (12 damage)
             ... on level 4 of the Dungeon.
             The game lasted 00:10:20 (6723 turns).

gruber the Blocker (Deep Dwarf Fighter)             Turns: 6723, Time: 00:10:21

Health: -1/74      AC: 14    Str: 23    XL:     9   Next: 40%
Magic:  7/7        EV: 10    Int:  9    God:
Gold:   452        SH: 12    Dex: 12    Spells: 8/8 levels left

rFire    . . .     SeeInvis .   a - +0 war axe
rCold    . . .     Gourm    .   c - +0 kite shield
rNeg     . . .     Faith    .   m - +0 plate armour
rPois    .         Spirit   .   b - +0 helmet
rElec    .         Reflect  .   (no cloak)
rCorr    .         Harm     .   (no gloves)
MR       +....                  (no boots)
Stlth    ..........             (no amulet)
HPRegen  0.00/turn              o - +4 ring of evasion
MPRegen  0.10/turn              p - +4 ring of slaying

@: non-regenerating
A: damage resistance, heal wounds, sense surroundings 2, no regeneration
a: Heal Wounds


You were on level 4 of the Dungeon.
You were not hungry.

You visited 1 branch of the dungeon, and saw 8 of its levels.
You also visited: Ossuary.

You collected 452 gold pieces.

Inventory:

Hand Weapons
 a - a +0 war axe (weapon)
 u - a +0 hunting sling
Missiles
 k - 48 poisoned darts (quivered)
 t - 3 throwing nets
 w - 199 stones
Armour
 b - a +0 helmet (worn)
 c - a +0 kite shield (worn)
 m - a +0 plate armour (worn)
Jewellery
 o - a +4 ring of evasion (left hand)
 p - a +4 ring of slaying (right hand)
 q - an uncursed ring of protection from cold
Wands
 y - a wand of disintegration (13)
Scrolls
 h - a scroll of random uselessness {unknown}
 j - 4 scrolls of remove curse
 l - 2 scrolls of blinking {unknown}
 r - 8 scrolls of identify {unknown}
 s - a scroll of enchant armour {unknown}
 v - 3 scrolls of magic mapping {unknown}
 A - 2 scrolls of fear {unknown}
 E - 2 scrolls of teleportation {unknown}
 F - a scroll of holy word {unknown}
 G - a scroll of noise {unknown}
Potions
 d - a potion of might
 e - a potion of cancellation {unknown}
 g - a potion of stabbing {unknown}
 i - 2 potions of mutation {unknown}
 n - a potion of berserk rage {unknown}
 z - a potion of brilliance {unknown}
 B - 2 potions of lignification {unknown}
 C - 5 potions of curing {unknown}
 D - 2 potions of heal wounds {unknown}
Comestibles
 f - 10 rations
 x - a chunk of flesh


   Skills:
 - Level 2.6 Fighting
 - Level 7.0 Axes
 * Level 8.0 Armour
 - Level 10.6 Shields


You had 8 spell levels left.
You didn't know any spells.
Your spell library was empty.

Dungeon Overview and Level Annotations

Branches:
Dungeon (8/15)               Lair (0/6) D:8         Ossuary (visited)
 Temple: D:4-7

Altars:
Ashenzari
Cheibriados
Ru
Trog
Xom


Innate Abilities, Weirdness & Mutations

You are resistant to damage.
You can heal yourself by infusing magical energy.
You passively map the area around you.
You do not regenerate.


Message History

You slash the orc wizard!
You kill the orc wizard!
Your Armour skill increases to level 8!
You slash the orc!
You kill the orc!
The orc throws a boomerang.
The boomerang hits you but does no damage.
The weapon returns to the orc!
You block the orc's attack.
Items here: )) [ †† a +0 dagger x2; a +0 robe; an orc corpse x2
You barely miss the orc. You block the orc's attack.
The orc priest invokes the aid of Beogh against you.
Beogh smites you!
* * * LOW HITPOINT WARNING * * *
Your plate armour prevents you from hitting the orc.
The orc hits you but does no damage.
The orc priest calls down the wrath of Beogh upon you.
Beogh smites you!
You die...

#.# #.# #.#
#.# #########
#.# ........#
#.# ........#
#.# ........#
########## #.#
........#
#.ooo@...# #.#
...######
#.######.# #.#
...# #....#.#
#.# ...#
#.##.#.# #.#
#### *
#.#..#.# #[#
##### #.>....#
#.#
#...#,########
#.# #...#, ,,,
#.# #...# * **
#.#


You could see 2 orc priests and an orc.

Vanquished Creatures
  Pikel (D:5)
  A hornet (D:7)
  Prince Ribbit (D:7)
  Duvessa (D:5)
  An ice beast (D:7)
  An orc warrior (D:7)
  A sky beast (D:5)
  A necrophage (D:8)
  3 ogres
  A centaur (D:7)
  A big kobold (D:8)
  Dowan (D:5)
  2 centaur zombies (Ossuary)
  2 jellies
  A bullfrog skeleton (D:4)
  A centaur skeleton (D:6)
  A gnoll shaman (D:4)
  A hound (D:8)
  4 orc wizards
  Natasha (thrice) (D:3)
  2 iguanas (D:3)
  2 worker ants
  3 big kobold zombies (Ossuary)
  5 mummies (Ossuary)
  12 adders
  5 gnolls
  2 shadow imps
  2 oozes (D:1)
  4 worms
  4 dart slugs (D:1)
  3 leopard geckos
  14 orcs
  2 ball pythons (D:1)
  6 giant cockroaches
  10 goblins
  7 hobgoblins
  12 jackals
  10 kobolds
  2 quokkas (D:2)
  10 bats
  4 frilled lizards
  6 hobgoblin zombies (Ossuary)
  A jackal skeleton (D:4)
  A leopard gecko skeleton (D:5)
  A quokka zombie (D:6)
  7 rats
166 creatures vanquished.

Notes
Turn   | Place    | Note
-------+----------+-------------------------------------------
     0 | D:1      | gruber the Deep Dwarf Fighter began the quest for the Orb.
     0 | D:1      | Reached XP level 1. HP: 20/20 MP: 1/1
    91 | D:1      | Reached XP level 2. HP: 16/27 MP: 2/2
   228 | D:1      | Reached XP level 3. HP: 18/33 MP: 3/3
   844 | D:1      | You fall into a shaft and drop 1 floor!
  1669 | D:2      | Reached XP level 4. HP: 15/40 MP: 4/4
  1729 | D:2      | Reached skill level 5 in Axes
  2646 | D:3      | Found a sacrificial altar of Ru.
  2722 | D:3      | Noticed Natasha
  2739 | D:3      | Killed Natasha
  2739 | D:3      | Reached XP level 5. HP: 29/46 MP: 5/5
  2904 | D:3      | Noticed Natasha
  2928 | D:3      | Killed Natasha
  3254 | D:3      | Found a faded altar of an unknown god.
  3762 | D:4      | Found a shattered altar of Ashenzari.
  3814 | D:4      | Reached XP level 6. HP: 33/55 MP: 6/6
  3841 | D:4      | Found a sand-covered staircase.
  3846 | Ossuary  | Entered an ossuary
  3890 | Ossuary  | Reached skill level 5 in Armour
  4012 | D:4      | Found a bloodstained altar of Trog.
  4138 | D:3      | Reached XP level 7. HP: 52/61 MP: 6/6
  4206 | D:3      | Noticed Natasha
  4231 | D:3      | Killed Natasha
  4299 | D:4      | You fall into a shaft and drop 3 floors!
  4349 | D:7      | Found a snail-covered altar of Cheibriados.
  4386 | D:7      | Noticed Prince Ribbit
  4430 | D:7      | Killed Prince Ribbit
  4430 | D:7      | Reached skill level 5 in Shields
  4499 | D:7      | Reached XP level 8. HP: 46/68 MP: 7/7
  4515 | D:7      | Reached skill level 6 in Shields
  4552 | D:7      | Noticed a hornet
  4566 | D:7      | Killed a hornet
  4566 | D:7      | Reached skill level 7 in Shields
  4581 | D:7      | You fall into a shaft and drop 1 floor!
  4597 | D:8      | Found a staircase to the Lair.
  4616 | D:8      | Reached skill level 8 in Shields
  5470 | D:6      | Found a shimmering altar of Xom.
  5555 | D:5      | Entered Level 5 of the Dungeon
  5621 | D:5      | Reached skill level 9 in Shields
  5642 | D:5      | Noticed Duvessa
  5642 | D:5      | Noticed Dowan
  5654 | D:5      | Killed Duvessa
  5660 | D:5      | Killed Dowan
  5660 | D:5      | Gained mutation: You passively map the area around you.
                  | [Deep Dwarf growth]
  5660 | D:5      | Reached XP level 9. HP: 46/74 MP: 8/8
  5873 | D:5      | Noticed Pikel
  5900 | D:5      | Killed Pikel
  5900 | D:5      | Reached skill level 10 in Shields
  6723 | D:4      | Killed from afar by an orc priest

Illustrated notes

Levels and vault maps discovered:
D:1:      minmay_arrival_glassed_features, layout_basic,
          wander_ebering_terrifying_dragon_lair
D:2:      wad_river_or_something, layout_loops_corners, first_ration
D:3:      layout_loops_ring, nicolae_ru_the_path_less_chosen,
          chequers_ecumenical_altar_simple_redux, serial_co_window_serial,
          co_window_corner_a, co_window_cross_1, co_window_of_opportunity_a,
          co_window_paths_a, co_window_paths_b, co_window_cross_3,
          co_window_unsneaky_path_a, co_window_of_opportunity_b,
          co_window_paths_c, co_window_corner_b, co_window_corner_b,
          co_window_paths_e, glass_columns_b, glass_columns_b, glass_columns_a,
          glass_columns_a, patterned_corridor, uniq_natasha
D:4:      layout_basic, lemuel_crystal_altar, bloody_trog, enter_ossuary_2
D:5:      layout_loops_ring, uniq_pikel, uniq_duvessa
D:6:      layout_loops_ring, minmay_temple_entry_waves, tgw_xom
D:7:      layout_cave_pools, basic_altar, uniq_prince_ribbit1
D:8:      layout_cave_pods, makhleb_grotto_becter,
          gammafunk_temple_overflow_forgotten, lair_entry_dummy, uniq_joseph

Skill      XL: |  1  2  3  4  5  6  7  8  9 |
---------------+----------------------------+-----
Axes           | 3 4 6 7 |  7.0
Armour         | 6 7 8 |  8.0
Shields        | 5 9 10 | 10.6
Fighting       | |  2.6

Action                   |  1- 3 |  4- 6 |  7- 9 || total
-------------------------+-------+-------+-------++-------
Melee: War axe           |   135 |   286 |   253 ||   674
 Fire: Hunting sling     |       |       |     5 ||     5
Throw: Dart              |       |       |    13 ||    13
 Abil: Heal Wounds       |       |     5 |     3 ||     8
Evoke: Wand              |       |       |     3 ||     3
  Use: Scroll            |       |       |     1 ||     1
  Eat: Chunk             |     3 |     8 |     9 ||    20
Armor: Scale mail        |    25 |       |       ||    25
       Plate armour      |    64 |    73 |    65 ||   202
       Chain mail        |       |    67 |    23 ||    90
Dodge: Dodged            |    28 |   102 |    67 ||   197
Block: Kite shield       |    58 |   147 |   139 ||   344
